 Dungeon Crawl Stone Soup version 0.29-a0-845-g6161e89988 (webtiles) character file.

Game seed: 8729713271681281837

2225 kevlar127 the Grappler (level 9, -2/130 (139) HPs)
             Began as a Troll Berserker on July 15, 2022.
             Was a Priest of Trog.
             Slain by an orc
             ... wielding a +0 trident
              (6 damage)
             ... on level 6 of the Dungeon.
             The game lasted 00:12:24 (4821 turns).

kevlar127 the Grappler (Troll Berserker)            Turns: 4821, Time: 00:12:25

HP:   -2/130 (139)  AC:  7    Str: 31    XL:     9   Next: 13%
MP:   8/8           EV: 10    Int:  3    God:    Trog [***...]
Gold: 346           SH:  0    Dex:  9    Spells: 8/8 levels left

rFire   . . .      SeeInvis .     - Unarmed
rCold   . . .      Faith    .   (no shield)
rNeg    . . .      Spirit   .   K - +0 steam dragon scales
rPois   .          Reflect  .   (helmet restricted)
rElec   .          Harm     .   (no cloak)
rCorr   .          Rampage  .   (gloves unavailable)
Will    ++...                   (boots unavailable)
Stlth   ..........              (no amulet)
HPRegen 2.11/turn               (no ring)
MPRegen 0.11/turn               (no ring)

@: berserking, strong-willed, regenerating, drained, very quick
A: large, unfitting armour, claws 3, regeneration 1, shaggy fur 1, tough skin 1
a: Renounce Religion, Berserk, Trog's Hand


You were on level 6 of the Dungeon.
You worshipped Trog.
Trog was most pleased with you.
You visited 1 branch of the dungeon, and saw 7 of its levels.

You collected 346 gold pieces.

Inventory:

Missiles
 b - 48 stones (quivered)
 g - 16 poisoned darts
 C - 6 large rocks
 E - 2 boomerangs
Armour
 t - a +0 tower shield
 K - +0 steam dragon scales (worn)
Wands
 l - a wand of polymorph (6)
 o - a wand of paralysis (11)
 u - a wand of flame (19)
 v - a wand of digging (8)
 z - a wand of acid (13)
Scrolls
 c - 3 scrolls of blinking {unknown}
 i - 2 scrolls of poison {unknown}
 j - 2 scrolls of fog {unknown}
 k - 2 scrolls of identify {unknown}
 m - 3 scrolls of enchant armour {unknown}
 n - a scroll of acquirement {unknown}
 q - 4 scrolls of teleportation {unknown}
 w - a scroll of torment {unknown}
 y - a scroll of summoning {unknown}
 A - a scroll of silence {unknown}
 B - a scroll of fear {unknown}
 G - a scroll of magic mapping {unknown}
 H - a scroll of vulnerability {unknown}
 I - 3 scrolls of amnesia {unknown}
 J - a scroll of noise {unknown}
Potions
 d - 2 potions of might {unknown}
 e - a potion of attraction {unknown}
 f - 3 potions of curing {unknown}
 h - a potion of ambrosia
 p - 2 potions of lignification {unknown}
 r - a potion of cancellation {unknown}
 s - 2 potions of degeneration {unknown}
 x - a potion of haste {unknown}
 D - a potion of brilliance {unknown}
 F - a potion of heal wounds {unknown}


   Skills:
 * Level 7.1 Fighting
 + Level 0.7 Throwing
 - Level 2.4 Dodging
 + Level 3.8 Shields
 * Level 8.5 Unarmed Combat


You had 8 spell levels left.
You didn't know any spells.
Your spell library was empty.

Dungeon Overview and Level Annotations

Branches:
Dungeon (7/15)             Temple (0/1) D:5

Altars:
Kikubaaqudgha
Okawaru
Yredelemnul

Shops:
D:1 [   D:2 =

Annotations:
D:5 2 transporters, gebbletook2's ghost, novice DjGl


Innate Abilities, Weirdness & Mutations

You are too large for most types of armour.
You have claws for hands.
Your natural rate of healing is unusually fast.
You are covered in fur. (AC +1)
You have tough skin. (AC +1)


Message History

The orc hits you but does no damage. The wight hits you with a +3 mace.
* * * LOW HITPOINT WARNING * * *
You feel drained.
* * * LOW HITPOINT WARNING * * *
The wight hits you with a +0 dire flail.
* * * LOW HITPOINT WARNING * * *
You feel drained.
The wight hits you with a +4 short sword.
* * * LOW HITPOINT WARNING * * *
The orc closely misses you.
The black bear goes berserk!
You claw the black bear!
You kill the black bear!
Trog accepts your kill.
You mangle the wight!!
You destroy the wight!
Trog accepts your kill.
The orc hits you from afar with a +0 trident.
* * * LOW HITPOINT WARNING * * *
The orc hits you but does no damage.
The wight hits you with a +0 dire flail.
* * * LOW HITPOINT WARNING * * *
The wight barely misses you.
The orc hits you from afar with a +0 trident.
* * * LOW HITPOINT WARNING * * *
You closely miss the orc. The orc misses you. The orc barely misses you.
The wight hits you with a +0 dire flail!
* * * LOW HITPOINT WARNING * * *
You feel drained.
* * * LOW HITPOINT WARNING * * *
The wight closely misses you.
The orc hits you from afar with a +0 trident.
* * * LOW HITPOINT WARNING * * *
You claw the orc!
You kill the orc!
Trog accepts your kill. The orc hits you with a +0 trident!
* * * LOW HITPOINT WARNING * * *
The orc suddenly grunts, as Orcs often do.
The orc hits you with a +0 trident.
You die...

.. ... # . #... #
.#. ....# #.
#.##....# #..
#........ ###.#
##........
#....##)........
##.....)z<.......
#......@z)#......
#......oo........
.............##..
..........#### .
#...####... ##.#
##..# #. #... #
#... ..


You could see 2 wights and 2 orcs.

Vanquished Creatures
  Grinder (D:3)
  Sigmund (D:2)
  The ghost of killozap the Shooter, an amateur HuHu (D:3)
  2 steam dragons (D:5)
  Duvessa (D:5)
  3 black bears
  2 ogres
  A phantom (D:5)
  A necrophage (D:6)
  A scorpion (D:4)
  2 wights (D:6)
  Dowan (D:5)
  A howler monkey (D:5)
  A jelly (D:6)
  2 orc priests
  3 hounds
  Terence (D:2)
  Natasha (thrice) (D:3)
  An orc wizard (D:5)
  Ijyb (D:5)
  3 gnolls (D:4)
  14 adders
  A white imp (D:6)
  2 ufetubi (D:5)
  2 worms
  2 dart slugs
  13 orcs
  9 ball pythons
  8 endoplasms
  5 giant cockroaches
  12 goblins
  4 hobgoblins
  A quokka (D:1)
  3 bats
  8 frilled lizards
  4 kobolds
  2 rats (D:1)
  13 bushes (D:2)
136 creatures vanquished.

Vanquished Creatures (others)
  8 fungi (D:5)
  3 plants (D:2)
11 creatures vanquished.

Grand Total: 147 creatures vanquished

Notes
Turn   | Place    | Note
-------+----------+-------------------------------------------
     0 | D:1      | kevlar127 the Troll Berserker began the quest for the Orb.
     0 | D:1      | Reached XP level 1. HP: 22/22 MP: 0/0
    68 | D:1      | Found a faded altar of an unknown god.
   144 | D:1      | Reached XP level 2. HP: 29/29 MP: 1/1
   320 | D:1      | Found Cexalo's Armour Shop.
   617 | D:2      | Reached XP level 3. HP: 29/37 MP: 2/2
   696 | D:2      | Found an iron altar of Okawaru.
   702 | D:2      | Reached ** piety under Trog
   735 | D:2      | Found Cobahol's Jewellery Shoppe.
  1148 | D:2      | Reached skill level 4 in Unarmed Combat
  1206 | D:2      | Noticed Sigmund
  1232 | D:2      | Killed Sigmund
  1233 | D:2      | Reached skill level 5 in Unarmed Combat
  1233 | D:2      | Reached XP level 4. HP: 35/48 MP: 3/3
  1233 | D:2      | Reached XP level 5. HP: 39/54 MP: 4/4
  1539 | D:2      | Noticed Terence
  1546 | D:2      | Killed Terence
  1547 | D:2      | Reached XP level 6. HP: 47/62 MP: 5/5
  1918 | D:3      | Identified the +0 leather armour of a treasure trove
                  | {Int+4}
  1941 | D:3      | Found a transporter.
  1941 | D:3      | Noticed killozap's ghost (amateur HuHu)
  1943 | D:3      | Found a transporter.
  2111 | D:3      | Noticed Natasha
  2121 | D:3      | Killed Natasha
  2138 | D:3      | Noticed Natasha
  2142 | D:3      | Killed Natasha
  2219 | D:3      | Noticed Grinder
  2220 | D:3      | Paralysed by Grinder for 5 turns
  2233 | D:3      | Killed Grinder
  2234 | D:3      | Reached skill level 5 in Fighting
  2234 | D:3      | Reached skill level 6 in Unarmed Combat
  2234 | D:3      | Reached XP level 7. HP: 36/72 MP: 6/6
  2401 | D:3      | Noticed Natasha
  2405 | D:3      | Killed Natasha
  2497 | D:3      | Killed killozap's ghost
  2713 | D:4      | You fall into a shaft and drop 3 floors!
  2719 | D:7      | Identified the +8 mace of the Battered Teeth {vorpal, rF++
                  | rN+ rCorr Stlth-}
  2811 | D:6      | Reached skill level 7 in Unarmed Combat
  2916 | D:6      | Reached XP level 8. HP: 60/83 MP: 7/7
  2919 | D:5      | Entered Level 5 of the Dungeon
  3005 | D:5      | Noticed Ijyb
  3010 | D:5      | Killed Ijyb
  3028 | D:5      | Reached skill level 1 in Shields
  3144 | D:4      | Found a basalt altar of Yredelemnul.
  3422 | D:4      | Reached *** piety under Trog
  3974 | D:4      | Found an ancient bone altar of Kikubaaqudgha.
  4056 | D:5      | Noticed Dowan
  4057 | D:5      | Noticed Duvessa
  4067 | D:5      | Killed Duvessa
  4071 | D:5      | Killed Dowan
  4264 | D:5      | Reached skill level 8 in Unarmed Combat
  4349 | D:5      | Found a staircase to the Ecumenical Temple.
  4379 | D:5      | Found a transporter.
  4380 | D:5      | Found a transporter.
  4380 | D:5      | Noticed gebbletook2's ghost (novice DjGl)
  4678 | D:5      | Reached XP level 9. HP: 42/92 MP: 8/8
  4821 | D:6      | HP: 4/130 [orc/+0 trident (7)]
  4821 | D:6      | Slain by an orc

Illustrated notes

Levels and vault maps discovered:
D:1:      dpeg_arrival_tiny_k, layout_loops_ring, serial_shops,
          nicolae_shop_statue_plus, hellmonk_ecumenical_altar_blasted
D:2:      layout_basic, serial_shops, shop, serial_forest,
          infiniplex_forest_side_room, infiniplex_forest_fountain,
          infiniplex_forest_clump_curved, infiniplex_forest_corner_2,
          infiniplex_forest_clump_diagonal, infiniplex_forest_straight_4,
          infiniplex_forest_clump_tiny, infiniplex_forest_corner_2,
          infiniplex_forest_split, basic_altar, chequers_mini_garden,
          minmay_box_of_dots, uniq_terence, uniq_sigmund
D:3:      layout_loops_ring, gammafunk_ghost_arena, minmay_distorted,
          uniq_grinder, uniq_natasha
D:4:      layout_loops_ring, amcnicky_altar_gilded,
          lemuel_zombie_altar_kikubaaqudgha, st_stairs_10
D:5:      kennysheep_steamy, layout_loops_ring, temple_statues,
          gammafunk_ghost_hive, uniq_duvessa, uniq_ijyb
D:6:      layout_cave_pools
D:7:      layout_loops_ring, kennysheep_opposing_triangles, uniq_maggie

Skill      XL: |  1  2  3  4  5  6  7  8  9 |
---------------+----------------------------+-----
Fighting       | 3 4 5 6 7 |  7.1
Unarmed Combat | 5 6 7 8 |  8.5
Shields        | 3 |  3.8
Throwing       | |  0.7
Dodging        | |  2.4

Action                   |  1- 3 |  4- 6 |  7- 9 || total
-------------------------+-------+-------+-------++-------
Melee: Unarmed           |   302 |   199 |   186 ||   687
       Punch             |    15 |    14 |     4 ||    33
Invok: Trog's Hand       |       |     1 |     2 ||     3
       Berserk           |       |       |     2 ||     2
Armor: Animal skin       |    40 |    12 |    37 ||    89
       Steam dragon scal |       |       |    16 ||    16
Dodge: Dodged            |    70 |    19 |   107 ||   196

Table legend: (Time is in decaauts)
 A = Elapsed time spent in this place.
 B = Non-inter-level travel time spent in this place.
 C = Inter-level travel time spent in this place.
 D = Time resting spent in this place.
 E = Time spent auto-exploring this place.
 F = Levels seen in this place.
 G = Mean time per level.
                   A        B        C        D        E       F      G
               +--------+--------+--------+--------+--------+-----+--------+
         Total |   4769 |   4467 |    302 |    294 |   3077 |   7 |  681.3 |
       Dungeon |   4769 |   4467 |    302 |    294 |   3077 |   7 |  681.3 |
               +--------+--------+--------+--------+--------+-----+--------+

Top non-repeatable levels by time:
     D:2: 1292 daAuts
     D:4: 1008 daAuts
     D:5: 947 daAuts
     D:3: 699 daAuts
     D:1: 602 daAuts
     D:6: 147 daAuts
     D:7: 72 daAuts
